 Dungeon Crawl Stone Soup version 0.29-a0-334-gb41bcbb86e (webtiles) character file.

Game seed: 17399396770040783590

96 zazu2006 the Magician (level 4, -1/37 HPs)
             Began as a Naga Hedge Wizard on Apr 13, 2022.
             Killed by divine providence
             ... invoked by an orc priest
              (14 damage)
             ... on level 3 of the Dungeon.
             The game lasted 00:04:09 (3489 turns).

zazu2006 the Magician (Naga Hedge Wizard)           Turns: 3489, Time: 00:04:10

Health: -1/37      AC:  2    Str: 13    XL:     4   Next: 67%
Magic:  6/10       EV: 10    Int: 16    God:
Gold:   174        SH:  0    Dex: 10    Spells: 2/11 levels left

rFire   . . .      SeeInvis +   h - +0 dagger (venom)
rCold   . . .      Faith    .   (no shield)
rNeg    . . .      Spirit   .   b - +0 robe
rPois   +          Reflect  .   c - +0 hat
rElec   .          Harm     .   (no cloak)
rCorr   .          Rampage  .   (no gloves)
Will    .....                   (no barding)
Stlth   ++........              (no amulet)
HPRegen 0.12/turn               (no ring)
MPRegen 0.12/turn               (no ring)

@: very slow
A: AC +1, large, see invisible, deformed body, poison resistance, slowness 2,
spit poison 1, naga tail 1
a: Spit Poison


You were on level 3 of the Dungeon.
You visited 1 branch of the dungeon, and saw 3 of its levels.

You collected 174 gold pieces.

Inventory:

Hand Weapons
 h - a +0 dagger of venom (weapon)
 p - a +2 dagger of protection
Missiles
 i - 6 poisoned darts
Armour
 b - a +0 robe (worn)
 c - a +0 hat (worn)
Wands
 n - a wand of polymorph (2)
Scrolls
 e - a scroll of summoning {unknown}
 f - 2 scrolls of teleportation {unknown}
 g - a scroll of vulnerability {unknown}
 j - 2 scrolls of noise {unknown}
 k - a scroll of fear {unknown}
 o - a scroll of identify {unknown}
 q - a scroll of blinking {unknown}
Potions
 a - a potion of haste {unknown}
 d - a potion of magic
 l - a potion of mutation {unknown}
 m - a potion of attraction {unknown}


   Skills:
 + Level 0.3 Fighting
 + Level 1.9 Dodging
 + Level 3.2 Stealth
 + Level 4.1 Spellcasting
 + Level 2.4 Conjurations
 + Level 1.0 Summonings
 + Level 1.0 Translocations
 * Level 0.3 Poison Magic


You had 2 spell levels left.
You knew the following spells:

 Your Spells              Type           Power      Damage    Failure   Level
a - Magic Dart            Conj           44%        1d5       6%          1
b - Mephitic Cloud        Conj/Pois/Air  6%         N/A       34%         3
c - Conjure Flame         Conj/Fire      7%         6-21      30%         3
d - Blink                 Tloc           12%        N/A       17%         2

Your spell library contained the following spells:

 Spells                   Type           Power      Damage    Failure   Level
 Apportation              Tloc           12%        N/A       11%         1
 Summon Small Mammal      Summ           24%        N/A       11%         1
 Animate Skeleton         Necr           6%         N/A       17%         1
 Slow                     Hex            12%        N/A       17%         1
 Call Imp                 Summ           6%         N/A       17%         2
 Summon Guardian Golem    Hex/Summ       4%         N/A       38%         3
 Orb of Destruction       Conj           5%         9d5       100%        7
 Spellforged Servitor     Conj/Summ      4%         N/A       100%        7


Dungeon Overview and Level Annotations

Branches:
Dungeon (3/15)

Altars:
Makhleb


Innate Abilities, Weirdness & Mutations

Your serpentine skin is tough. (AC +1)
You have supernaturally acute eyesight. (SInv)
Armour fits poorly on your strangely shaped body.
Your system is resistant to poisons. (rPois)
You cover ground very slowly.
You can spit poison.
You have a snake-like lower body.


Message History

Aim: an orc priest, wielding a +0 trident and wearing a +0 ring mail (asleep, 100% to hit)
The magic dart hits the orc priest but does no damage.
The orc priest shouts!
You hear a shout! x2
The orc priest hits you from afar with a +0 trident!
The orc priest barely misses you.
An orc comes into view. It is wielding a +0 falchion.
The orc priest hits you with a +0 trident.
You barely miss the orc priest.
The orc priest mumbles some strange prayers to Beogh against you.
Pain shoots through your body!
* * * LOW HITPOINT WARNING * * *
Casting: Magic Dart (safe; 6% risk of failure)
Confirm with . or Enter, or press ? or * to list all spells.
The spell is quite dangerous to miscast (34% risk of failure)!
Continue anyway?
Aiming: Mephitic Cloud (quite dangerous; 34% risk of failure)
Press: ? - help, Shift-Dir - straight line, f/p - orc priest
Aim: an orc priest, wielding a +0 trident and wearing a +0 ring mail (chance to affect: 86%)
The ball explodes into a vile cloud!
The stinking cloud engulfs the orc priest but does no damage.
The stinking cloud engulfs the orc but does no damage.
The stinking cloud engulfs you but does no damage.
The orc priest is engulfed in noxious fumes.
The orc priest appears confused.
Unknown command.
An orc comes into view. It is wielding a +0 whip.
The orc priest completely misses something.
An endoplasm comes into view.
An orc comes into view. It is wielding a +0 hand axe. x2
The orc shouts!
Casting: Mephitic Cloud (quite dangerous; 34% risk of failure)
Confirm with . or Enter, or press ? or * to list all spells.
The spell is quite dangerous to miscast (34% risk of failure)!
Continue anyway?
Aiming: Mephitic Cloud (quite dangerous; 34% risk of failure)
Press: ? - help, Shift-Dir - straight line, f - orc, p - orc priest
Aim: an orc, wielding a +0 whip (chance to affect: 96%)
The ball explodes into a vile cloud!
The stinking cloud engulfs the orc but does no damage.
The orc priest calls down the wrath of Beogh upon you.
Beogh smites you!
You die...

.........'.......
#####....#################
................#........#
###############.#.######.#
.....o...o....#...# #.#
.###.#####..#.##### #.#
....oo....#.# #.#
#o#.######.#.##########.#
#.#.......o.Jo.@........#
# #.#####...☼############
## #.o..# ...o....#
#####...# ....# ...#..
#####.# ###


You could see an orc priest, 3 orcs and an endoplasm.

Vanquished Creatures
  Jessica (D:2)
  5 dart slugs
  An orc (D:3)
  7 bats
  6 endoplasms
  2 giant cockroaches
  7 goblins
  5 hobgoblins
  8 kobolds
  4 quokkas
  A ball python (D:1)
  3 frilled lizards
  3 rats
53 creatures vanquished.

Notes
Turn   | Place    | Note
-------+----------+-------------------------------------------
     0 | D:1      | zazu2006 the Naga Hedge Wizard began the quest for the Orb.
     0 | D:1      | Reached XP level 1. HP: 15/15 MP: 4/4
   301 | D:1      | Found a faded altar of an unknown god.
   389 | D:1      | Reached XP level 2. HP: 22/22 MP: 0/6
  1088 | D:1      | Reached XP level 3. HP: 28/28 MP: 2/8
  1092 | D:1      | Learned a level 3 spell: Mephitic Cloud
  1096 | D:1      | Learned a level 3 spell: Conjure Flame
  1099 | D:1      | Learned a level 2 spell: Blink
  1877 | D:2      | Noticed Jessica
  1883 | D:2      | Killed Jessica
  1884 | D:2      | Reached XP level 4. HP: 32/37 MP: 9/9
  2139 | D:2      | Reached skill level 4 in Spellcasting
  3352 | D:3      | Found a burning altar of Makhleb.
  3370 | D:3      | Noticed a blizzard demon
  3489 | D:3      | Killed from afar by an orc priest

Illustrated notes

Levels and vault maps discovered:
D:1:      nzn_arrival_water_spiral, layout_basic, basic_ecumenical_altar,
          minmay_curled_crystal
D:2:      layout_basic, serial_rivers, chequers_serial_rivers_large_a,
          chequers_serial_rivers_small_3, chequers_serial_rivers_small_b,
          chequers_serial_rivers_large_b, nicolae_elevator_lobby_asterisk,
          uniq_jessica
D:3:      layout_basic, makhleb_altar_promises_db, mainiacjoe_overflow_24_doors,
          lemuel_another_geyser

Skill      XL: |  1  2  3  4 |
---------------+-------------+-----
Conjurations   | 2 |  2.4
Spellcasting   | 4 |  4.1
Fighting       | |  0.3
Dodging        | |  1.9
Stealth        | |  3.2
Summonings     | |  1.0
Translocations | |  1.0
Poison Magic   | |  0.3

Action                   |  1- 3 |  4- 6 || total
-------------------------+-------+-------++-------
Melee: Dagger            |    14 |    17 ||    31
 Cast: Magic Dart        |    65 |    51 ||   116
       Mephitic Cloud    |       |     2 ||     2
 Abil: Spit Poison       |     2 |     1 ||     3
 Stab: Sleeping          |     2 |       ||     2
Armor: Robe              |     6 |     5 ||    11
Dodge: Dodged            |     9 |    15 ||    24

Table legend: (Time is in decaauts)
 A = Elapsed time spent in this place.
 B = Non-inter-level travel time spent in this place.
 C = Inter-level travel time spent in this place.
 D = Time resting spent in this place.
 E = Time spent auto-exploring this place.
 F = Levels seen in this place.
 G = Mean time per level.
                   A        B        C        D        E       F      G
               +--------+--------+--------+--------+--------+-----+--------+
         Total |   4349 |   4321 |     28 |      0 |   3956 |   3 | 1449.7 |
       Dungeon |   4349 |   4321 |     28 |      0 |   3956 |   3 | 1449.7 |
               +--------+--------+--------+--------+--------+-----+--------+

Top non-repeatable levels by time:
     D:1: 2235 daAuts
     D:2: 1809 daAuts
     D:3: 304 daAuts
